 Dungeon Crawl Stone Soup version 0.20.0-15-g7f486f2 (webtiles) character file.

13963 skittles the Arsonist (level 11, -2/81 HPs)
             Began as a Grey Draconian Fire Elementalist on June 10, 2017.
             Was a Believer of Vehumet.
             Slain by an eight-headed hydra (4 damage)
             ... on level 11 of the Dungeon.
             The game lasted 01:01:43 (18723 turns).

skittles the Arsonist (DrFE)                       Turns: 18723, Time: 01:01:43

Health: -2/81      AC: 12    Str: 12    XL:     11   Next: 82%
Magic:  1/29       EV: 12    Int: 21    God:    Vehumet [**....]
Gold:   483        SH:  0    Dex: 13    Spells: 1/14 levels left

rFire    + . .     SeeInvis .   b - staff of power
rCold    . . .     Gourm    .   (no shield)
rNeg     . . .     Faith    .   (armour unavailable)
rPois    .         Spirit   .   (helmet restricted)
rElec    .         Reflect  .   (no cloak)
rCorr    .         Harm     .   (no gloves)
MR       .....                  (no boots)
Stlth    ++........             (no amulet)
Regen    0.3/turn               L - +3 ring of intelligence
MPRegen  0.3/turn               F - ring of protection from fire

@: slowed, very slow
A: walk through water, unfitting armour, horns 1, talons 1, blink, strong 1,
unbreathing, cold-blooded, AC +12
a: Blink, Renounce Religion


You were on level 11 of the Dungeon.
You worshipped Vehumet.
Vehumet was pleased with you.
You were near starving.

You visited 2 branches of the dungeon, and saw 12 of its levels.
You also visited: Sewer and Ossuary.

You collected 483 gold pieces.

Inventory:

Hand Weapons
 a - a +2 dagger of electrocution
 K - the +0 spear "Ediluen" {freeze, +Fly}
   (You took it off a kobold on level 9 of the Dungeon)

   It has been specially enchanted to freeze those struck by it, causing extra
   injury to most foes and up to half again as much damage against particularly
   susceptible opponents.
   It can also slow down cold-blooded creatures.
   It lets you fly.
 M - a +1 scimitar of flaming
 N - a +2 whip of venom
Magical Staves
 b - an uncursed staff of power (weapon)
Jewellery
 d - a +2 ring of strength
 f - an uncursed ring of resist corrosion
 F - a ring of protection from fire (right hand)
 L - a +3 ring of intelligence (left hand)
Wands
 t - a wand of paralysis (9/24)
 G - a wand of iceblast (3/15)
Scrolls
 e - 4 scrolls of fear
 h - a scroll of random uselessness {unknown}
 i - 6 scrolls of teleportation
 p - a scroll of amnesia {unknown}
 q - 7 scrolls of immolation
 r - a scroll of recharging {unknown}
 w - 6 scrolls of remove curse
 z - 2 scrolls of blinking
 D - 2 scrolls of fog {unknown}
 H - a scroll of torment {unknown}
 J - 4 scrolls of enchant weapon
Potions
 c - 8 potions of heal wounds
 g - 2 potions of might
 j - 7 potions of curing
 k - 4 potions of lignification
 l - a potion of magic
 m - 3 potions of resistance
 n - 4 potions of mutation
 o - 4 potions of brilliance
 u - 5 potions of agility
 v - a potion of flight
 B - 2 potions of haste
Books
 x - a book of Geomancy

   Spells                             Type                      Level
   a - Sandblast                      Earth                        1
   b - Passwall                       Transmutation/Earth          2
   c - Stone Arrow                    Conjuration/Earth            3
   d - Petrify                        Transmutation/Earth          4
   e - Lee's Rapid Deconstruction     Earth                        5
 y - a book of Flames

   Spells                             Type                      Level
   a - Flame Tongue                   Conjuration/Fire             1
   b - Throw Flame                    Conjuration/Fire             2
   c - Conjure Flame                  Conjuration/Fire             3
   d - Inner Flame                    Hexes/Fire                   3
   e - Sticky Flame                   Conjuration/Fire             4
   f - Fireball                       Conjuration/Fire             5
 I - a book of Misfortune

   Spells                             Type                      Level
   a - Confusing Touch                Hexes                        1
   b - Confuse                        Hexes                        3
   c - Gell's Gravitas                Translocation                3
   d - Petrify                        Transmutation/Earth          4
   e - Metabolic Englaciation         Hexes/Ice                    5
   f - Yara's Violent Unravelling     Hexes/Transmutation          5
Comestibles
 s - 4 meat rations
 E - 9 bread rations


   Skills:
 - Level 2.8 Fighting
   Level 1.2(2.8) Axes
 - Level 4.0(4.1) Polearms
 - Level 1.7 Dodging
 - Level 1.7 Stealth
 + Level 2.3 Spellcasting
 + Level 12.6 Conjurations
 + Level 13.2 Fire Magic


You had one spell level left.
You knew the following spells:

 Your Spells              Type           Power        Failure   Level  Hunger
a - Flame Tongue          Conj/Fire      #####        1%          1    None
b - Conjure Flame         Conj/Fire      ######..     1%          3    ###....
c - Sticky Flame          Conj/Fire      ######..     1%          4    ####...
d - Fireball              Conj/Fire      ######....   1%          5    ######.


Dungeon Overview and Level Annotations

Branches:
Dungeon (11/15)            Temple (1/1) D:4            Lair (0/6) D:11
    Orc: D:9-12

Altars:
Ashenzari
Cheibriados
Dithmenos
Elyvilon
Fedhas
Gozag
Hepliaklqana
Kikubaaqudgha
Makhleb
Nemelex Xobeh
Okawaru
Qazlal
Ru
Sif Muna
Trog
Uskayaw
Vehumet
Xom
Yredelemnul
Zin
The Shining One

Shops:
D:6 %

Annotations:
D:10 exclusion: door


Innate Abilities, Weirdness & Mutations

You can walk through water.
Your dull iron-grey scales are very hard. (AC +12)
You cannot fit into any form of body armour.
You can survive without breathing.
You are cold-blooded and may be slowed by cold attacks.
You have a pair of small horns on your head.
You have sharp toenails.
You can translocate small distances at will.
Your muscles are strong. (Str +2)


Message History

The freezing wraith closely misses you. The freezing wraith hits you.
The freezing wraith freezes you!
You feel as though you will be slow longer.
The freezing wraith hits you.
* * * LOW HITPOINT WARNING * * *
The freezing wraith drains your vigour!
You feel as though you will be slow longer.
You feel much better. The freezing wraith hits you!
The freezing wraith freezes you!!
You feel as though you will be slow longer.
* * * LOW HITPOINT WARNING * * *
The freezing wraith hits you but does no damage.
The freezing wraith hits you but does no damage.
The freezing wraith barely misses you. The hound bites you but does no damage.
The eight-headed hydra closely misses you.
The eight-headed hydra bites you.
* * * LOW HITPOINT WARNING * * *
The eight-headed hydra bites you.
You die...

........#####<........#######....
######'..........≈...............
#.........≈...≈.≈.......≈........
#..........≈..≈≈≈.≈≈..≈≈.........
'..........≈≈≈≈≈≈≈≈≈≈≈≈≈≈≈.......
#..##....≈≈≈≈≈≈≈..≈≈≈≈≈≈≈≈≈......
#..##......≈≈≈..≈...≈≈≈≈.....##..
#...#...≈≈≈.≈≈≈......≈≈≈≈≈....###
#...'.....≈≈≈≈..@.............#
#..##....≈.≈≈≈≈hDW.≈≈≈≈≈≈≈≈...#
#####.....≈≈≈≈.≈≈≈≈..≈≈≈≈≈≈...###
#..#......≈≈≈≈≈≈≈≈≈≈≈.≈≈≈≈.......
'..#.....≈≈≈≈.≈≈≈≈≈≈≈≈.≈≈........
#..#........≈)≈≈≈§≈≈≈≈..≈...)).(.
#######......≈≈≈≈≈≈≈....≈.......)
.............≈≈≈≈§≈..........####
.....W......#..............†.....


You could see an eight-headed hydra, a freezing wraith and a hound.

Vanquished Creatures
  Erica (D:11)
  2 two-headed ogres (D:9)
  Nergalle (D:10)
  A skeletal warrior (D:11)
  Pikel (D:6)
  A manticore (D:11)
  An ugly thing (D:11)
  Joseph (D:7)
  A gargoyle (D:10)
  A kobold demonologist (D:11)
  5 trolls
  A shadow (D:10)
  9 yaks
  A spriggan (D:10)
  2 hungry ghosts
  A basilisk (D:11)
  Menkaure (Ossuary)
  2 ice beasts (D:10)
  4 orc warriors
  A black bear (D:8)
  A sky beast (D:7)
  2 ogres
  5 wolves
  2 phantoms
  4 centaurs
  6 bullfrogs
  7 big kobolds
  Blork the orc (D:6)
  A wyvern skeleton (D:6)
  2 scorpions
  3 killer bees
  4 wights
  6 electric eels (D:11)
  4 howler monkeys
  3 crimson imps
  2 bullfrog zombies
  A centaur zombie (D:5)
  3 quasits
  15 hounds
  5 orc priests
  3 jellies
  4 iguanas
  12 orc wizards
  8 worker ants
  2 killer bee zombies
  2 mummies (Ossuary)
  7 gnolls
  3 howler monkey skeletons
  13 adders
  5 river rats
  4 shadow imps
  3 oozes
  2 adder zombies
  5 worms
  A dart slug (D:1)
  10 leopard geckos
  35 orcs
  6 ball pythons
  6 giant cockroaches
  9 goblins
  12 hobgoblins
  7 jackals
  45 kobolds
  3 quokkas
  3 bats (D:2)
  5 frilled lizards
  A gnoll skeleton (Ossuary)
  4 gnoll zombies (Ossuary)
  2 goblin skeletons (Ossuary)
  A goblin zombie (Ossuary)
  3 hobgoblin skeletons (Ossuary)
  A hobgoblin zombie (Ossuary)
  2 kobold skeletons (Ossuary)
  A leopard gecko skeleton (D:7)
  3 orc zombies (Ossuary)
  A quokka zombie (D:5)
  20 rats (Sewer)
  3 rat skeletons (Ossuary)
  A rat zombie (Ossuary)
373 creatures vanquished.

Vanquished Creatures (others)
  3 slaves (D:6)
  2 ogres (D:6)
  A hound (D:6)
  A mummy (Ossuary)
  2 orcs (D:6)
  3 gnoll zombies (Ossuary)
  A jackal (D:6)
  A quokka (D:5)
  A goblin skeleton (Ossuary)
  4 goblin zombies (Ossuary)
  5 hobgoblin skeletons (Ossuary)
  4 kobold skeletons (Ossuary)
  A kobold zombie (Ossuary)
  2 orc skeletons (Ossuary)
  4 orc zombies (Ossuary)
  2 rat skeletons (Ossuary)
  3 rat zombies (Ossuary)
40 creatures vanquished.

Grand Total: 413 creatures vanquished

Notes
Turn   | Place    | Note
-------+----------+-------------------------------------------
     0 | D:1      | skittles the Draconian Fire Elementalist began the quest for the Orb.
     0 | D:1      | Reached XP level 1. HP: 14/14 MP: 3/3
   404 | D:1      | Reached XP level 2. HP: 18/20 MP: 5/5
  1465 | D:1      | Reached XP level 3. HP: 26/26 MP: 6/6
  1698 | D:2      | Reached skill level 4 in Fire Magic
  2261 | D:2      | Reached skill level 1 in Axes
  2402 | D:2      | Learned a level 3 spell: Conjure Flame
  2871 | D:3      | Reached skill level 1 in Fighting
  2871 | D:3      | Reached skill level 1 in Polearms
  2871 | D:3      | Reached XP level 4. HP: 27/35 MP: 0/7
  3130 | D:3      | Found a faded altar of an unknown god.
  3433 | D:3      | Found a glowing golden altar of the Shining One.
  3525 | D:3      | Reached XP level 5. HP: 14/40 MP: 4/8
  3550 | D:3      | Found a glowing drain.
  3560 | Sewer    | Entered a sewer
  4281 | Sewer    | Learned a level 4 spell: Sticky Flame
  4369 | Sewer    | Reached XP level 6. HP: 41/48 MP: 7/9
  5587 | D:4      | Reached skill level 5 in Fire Magic
  5702 | D:4      | Found a staircase to the Ecumenical Temple.
  5737 | Temple   | Entered the Ecumenical Temple
  6476 | D:4      | Your scales start taking on a dull iron-grey colour.
  6476 | D:4      | Reached XP level 7. HP: 37/56 MP: 1/10
  6476 | D:4      | Gained mutation: You can survive without breathing. [Grey Draconian growth]
  7005 | D:5      | Entered Level 5 of the Dungeon
  7030 | D:5      | Found a white marble altar of Elyvilon.
  7322 | D:5      | Reached skill level 6 in Fire Magic
  7763 | D:5      | Reached XP level 8. HP: 62/62 MP: 4/11
  7975 | D:5      | Reached skill level 5 in Conjurations
  8150 | D:6      | Noticed Pikel
  8156 | D:6      | Killed Pikel
  8156 | D:6      | Reached skill level 7 in Fire Magic
  8178 | D:6      | Found a sand-covered staircase.
  8221 | Ossuary  | Entered an ossuary
  8757 | Ossuary  | Noticed Menkaure
  8757 | Ossuary  | Noticed Nattefrost's ghost (novice MiAK)
  8807 | Ossuary  | Killed Menkaure
  8807 | Ossuary  | Reached skill level 8 in Fire Magic
  9347 | D:6      | Reached XP level 9. HP: 38/68 MP: 3/12
  9717 | D:6      | Found Ittoxega's Food Emporium.
  9853 | D:6      | Found an opulent altar of Gozag.
  9946 | D:6      | Noticed Blork the orc
  9952 | D:6      | Killed Blork the orc
 10119 | D:6      | Gained mutation: You have sharp toenails. [potion of mutation]
 10119 | D:6      | Gained mutation: You can translocate small distances at will. [potion of mutation]
 10119 | D:6      | Gained mutation: You have a pair of small horns on your head. [potion of mutation]
 10119 | D:6      | Gained mutation: Your muscles are strong. (Str +2) [potion of mutation]
 10370 | D:7      | Reached skill level 9 in Fire Magic
 10783 | D:7      | Found a blossoming altar of Fedhas.
 11015 | D:7      | Noticed Joseph
 11034 | D:7      | Killed Joseph
 11779 | D:8      | Reached skill level 10 in Fire Magic
 12453 | D:9      | Found a hide-covered altar of Uskayaw.
 12461 | D:8      | Reached XP level 10. HP: 60/75 MP: 13/13
 12500 | D:8      | Learned a level 5 spell: Fireball
 13228 | D:9      | Got a pitted spear {freeze}
 13238 | D:8      | Identified the cursed +0 spear "Ediluen" {freeze, +Fly} (You took it off a kobold on level 9 of the Dungeon)
 13467 | D:9      | Found a radiant altar of Vehumet.
 13481 | D:9      | Became a worshipper of Vehumet
 13529 | D:9      | Reached skill level 10 in Conjurations
 13622 | D:9      | Found a hazy altar of Hepliaklqana.
 13696 | D:9      | Noticed a two-headed ogre
 13709 | D:9      | Killed a two-headed ogre
 13709 | D:9      | Reached skill level 11 in Fire Magic
 14098 | D:10     | Entered Level 10 of the Dungeon
 14159 | D:10     | Noticed Nergalle
 14345 | D:10     | HP: 2/75 [Nergalle/bolt of negative energy (23)]
 14353 | D:10     | Killed Nergalle
 15032 | D:9      | Reached XP level 11. HP: 37/81 MP: 2/14
 15308 | D:9      | Noticed a two-headed ogre
 15315 | D:9      | Killed a two-headed ogre
 15315 | D:9      | Reached * piety under Vehumet
 15315 | D:9      | Offered knowledge of Freeze by Vehumet.
 15452 | D:10     | Reached skill level 12 in Fire Magic
 16597 | D:11     | Noticed Erica
 16611 | D:11     | Noticed a skeletal warrior
 16612 | D:11     | Noticed a skeletal warrior
 16631 | D:11     | Noticed a death knight
 17487 | D:11     | Offered knowledge of Shock by Vehumet.
 17493 | D:10     | Reached ** piety under Vehumet
 17630 | D:11     | Found a staircase to the Lair.
 17784 | D:11     | Noticed a sixfirhy
 18040 | D:11     | Noticed a cyan ugly thing
 18061 | D:11     | Killed a cyan ugly thing
 18155 | D:11     | Killed Erica
 18155 | D:11     | Reached skill level 13 in Fire Magic
 18527 | D:11     | Offered knowledge of Throw Frost by Vehumet.
 18710 | D:11     | Killed a skeletal warrior
 18718 | D:11     | Noticed an eight-headed hydra
 18723 | D:11     | HP: 2/81 [eight-headed hydra (5)]
 18723 | D:11     | Slain by an eight-headed hydra

Skill      XL: |  1  2  3  4  5  6  7  8  9 10 11 |
---------------+----------------------------------+-----
Fire Magic     | 4 5 6 8 10 11 13 | 13.2
Axes           | 1 |  1.2
Fighting       | 1 2 |  2.8
Polearms       | 1 2 4 |  4.0
Conjurations   | 2 3 4 7 9 11 12 | 12.6
Dodging        | |  1.7
Stealth        | |  1.7
Spellcasting   | |  2.3

Action                   |  1- 3 |  4- 6 |  7- 9 | 10-12 || total
-------------------------+-------+-------+-------+-------++-------
Melee: Hand axe          |    38 |       |       |       ||    38
       Spear             |    74 |   207 |    43 |    44 ||   368
       Tailslap          |     5 |    13 |    41 |    12 ||    71
       Whip              |       |       |   280 |    35 ||   315
       Kick              |       |       |    37 |    34 ||    71
       Headbutt          |       |       |    19 |    18 ||    37
       Staff             |       |       |       |    50 ||    50
       Dagger            |       |       |       |    38 ||    38
 Cast: Flame Tongue      |    34 |    70 |   138 |   252 ||   494
       Conjure Flame     |       |     3 |     1 |     5 ||     9
       Sticky Flame      |       |     3 |    16 |    49 ||    68
       Fireball          |       |       |       |    20 ||    20
 Abil: Blink             |       |       |       |     6 ||     6
  Use: Potion            |     1 |     2 |     1 |     2 ||     6
       Scroll            |       |    12 |     7 |     2 ||    21
 Stab: Sleeping          |     5 |     1 |     8 |       ||    14
  Eat: Chunk             |     7 |    12 |    25 |    34 ||    78
       Fruit             |       |     1 |     4 |       ||     5
       Royal jelly       |       |       |       |     3 ||     3
Armor: Skin              |    22 |    71 |   185 |   170 ||   448
Dodge: Dodged            |    72 |   168 |   262 |   260 ||   762
